 Dungeon Sprint DCSS version 0.30.1-11-g7821555f0a (webtiles) character file.

Game seed: 1827240919548327759

95 Groucho the Covered (level 4, -6/45 HPs)
             Began as a Minotaur Fighter on Oct 28, 2023.
             Was an Initiate of Cheibriados.
             Killed from afar by an oklob sapling priest (22 damage)
             ... with a splash of acid
             ... in the Dungeon (Sprint IV: "Fedhas' Mad Dash").
             The game lasted 00:00:52 (693 turns).

Groucho the Covered (Minotaur Fighter)               Turns: 693, Time: 00:00:53

Health: -6/45      AC:  3    Str: 24    XL:     4   Next: 40%
Magic:  3/3        EV:  9    Int:  6    God:    Cheibriados [......]
Gold:   35         SH:  5    Dex: 10    Spells: 3/3 levels left

rFire   . . .        a - +0 war axe
rCold   . . .        c - +0 buckler
rNeg    . . .        b - +0 scale mail
rPois   .            (helmet restricted)
rElec   .            (no cloak)
rCorr   .            (no gloves)
SInv    .            (no boots)
Will    .....        l - amulet of invisibility {+Inv} Stlth
                     (no ring)
HPRegen 0.27/turn    (no ring)
MPRegen 0.08/turn

%: no teleportation
@: corroded, very slightly contaminated, invisible (expiring), very slow
A: horns 2, retaliatory headbutt
a: Renounce Religion, Evoke Invisibility


You were in the Dungeon.
You worshipped Cheibriados.
Cheibriados was noncommittal.
You visited 1 branch You collected 35 gold pieces.

Inventory:

Hand Weapons
 a - a +0 war axe (weapon)
Armour
 b - a +0 scale mail (worn)
 c - a +0 buckler (worn)
Jewellery
 l - the amulet of invisibility (around neck) {+Inv}
   (You found it in the Dungeon)

   [amulet of nothing]

   +Inv:      It lets you turn invisible.
Scrolls
 j - a scroll of blinking
 k - a scroll of brand weapon {unknown}
Potions
 d - a potion of might
 e - a potion of curing
 f - a potion of heal wounds
 g - a potion of haste
 h - 2 potions of magic
 i - a potion of berserk rage


   Skills:
 + Level 6.4 Fighting
 + Level 5.3 Axes
 + Level 6.5 Armour
 + Level 6.4 Shields


You had 3 spell levels left.
You didn't know any spells.
Your spell library was empty.

Dungeon Overview and Level Annotations

Branches:
Dungeon (1/1)

Altars:
Cheibriados
Dithmenos
Elyvilon
Gozag
Hepliaklqana
Kikubaaqudgha
Makhleb
Nemelex Xobeh
Okawaru
Qazlal
Ru
Sif Muna
Trog
Uskayaw
Vehumet
Wu Jian
Xom
Yredelemnul
Zin
The Shining One
Jiyva
Lugonu

Annotations:
D exclusion: oklob sapling


Innate Abilities, Weirdness & Mutations

You have a pair of horns on your head.
You reflexively headbutt those who attack you in melee.


Message History

You continue putting on the amulet of invisibility {+Inv}. x5
You finish putting on the amulet of invisibility {+Inv}.
l - the amulet of invisibility (around neck) {+Inv} Unknown command.
Unknown command.
Okay, then.
You fade into invisibility!
You are very lightly contaminated with residual magic.
As you open the door, it creaks loudly!
Found four altars.
An oklob sapling priest comes into view.
Found nine altars.
Marking area around an oklob sapling priest as unsafe for travelling.
There is an open door here.
Unknown command.
Unknown command.
Found three altars.
Found two altars.
Found three altars.
There is an opulent altar of Gozag here.
Found a corrupted altar of Lugonu and a radiant altar of Vehumet.
There is a hazy altar of Hepliaklqana here.
There is a snail-covered altar of Cheibriados here.
You kneel at the altar of Cheibriados.
Cheibriados welcomes you!
Cheibriados begins to support your attributes as your movement slows.
Cheibriados is now slowing the effects of poison on you.
You flicker for a moment.
Unknown command.
Press < or > to pray at altars.
Unknown command.
Press < or > to pray at altars.
The oklob sapling priest spits acid at you.
The splash of acid hits you!!
Ouch! That really hurt!
The acid corrodes you!
You hit the oklob sapling priest but do no damage.
The oklob sapling priest spits acid at you.
The splash of acid hits you!!
You die...

########################
....#.....#.⌠._._._._.⌠.
|...'.#[..'.._._@_._._..
....#.#...#..._._P_._...
########+##.._._._._._..
#._._._._._.⌠.
##############


You could see an oklob sapling priest (unable to see you).

Vanquished Creatures
  A scorpion (D)
  An oklob sapling (D)
  A river rat (D)
  A rat (D)
4 creatures vanquished.

Notes
Turn   | Place    | Note
-------+----------+-------------------------------------------
     0 | D        | Groucho the Minotaur Fighter began the quest for the Orb.
     0 | D        | Reached XP level 1. HP: 19/19 MP: 0/0
    12 | D        | Reached XP level 2. HP: 20/28 MP: 1/1
   245 | D        | Noticed an oklob sapling
   248 | D        | Killed an oklob sapling
   249 | D        | Reached skill level 5 in Fighting
   249 | D        | Reached skill level 5 in Armour
   249 | D        | Reached skill level 5 in Shields
   249 | D        | Reached XP level 3. HP: 36/36 MP: 2/2
   650 | D        | Noticed a scorpion
   650 | D        | Found the amulet of invisibility {+Inv}
   657 | D        | Killed a scorpion
   658 | D        | Reached skill level 5 in Axes
   658 | D        | Reached XP level 4. HP: 43/45 MP: 3/3
   683 | D        | Found an opulent altar of Gozag.
   683 | D        | Found a hazy altar of Hepliaklqana.
   683 | D        | Found a snail-covered altar of Cheibriados.
   684 | D        | Found a viscous altar of Jiyva.
   684 | D        | Found a burning altar of Makhleb.
   684 | D        | Found a sparkling altar of Nemelex Xobeh.
   684 | D        | Found a sacrificial altar of Ru.
   684 | D        | Found a shimmering blue altar of Sif Muna.
   684 | D        | Found a bloodstained altar of Trog.
   684 | D        | Found an ornate altar of the Wu Jian Council.
   684 | D        | Found a shimmering altar of Xom.
   684 | D        | Found a basalt altar of Yredelemnul.
   685 | D        | Found an iron altar of Okawaru.
   685 | D        | Found a shadowy altar of Dithmenos.
   685 | D        | Found a glowing silver altar of Zin.
   686 | D        | Found an ancient bone altar of Kikubaaqudgha.
   686 | D        | Found a hide-covered altar of Uskayaw.
   687 | D        | Found a stormy altar of Qazlal.
   687 | D        | Found a white marble altar of Elyvilon.
   687 | D        | Found a glowing golden altar of the Shining One.
   688 | D        | Found a corrupted altar of Lugonu.
   688 | D        | Found a radiant altar of Vehumet.
   691 | D        | Became a worshipper of Cheibriados the Contemplative
   693 | D        | Killed from afar by an oklob sapling priest

Illustrated notes

Levels and vault maps discovered:
D:        dungeon_sprint_fedhas [sprint_temple]

Skill      XL: |  1  2  3 |
---------------+----------+-----
Fighting       | 4 5 6 |  6.4
Armour         | 4 5 6 |  6.5
Shields        | 4 5 6 |  6.4
Axes           | 4 5 |  5.3

Action                     |  1- 3 |  4- 6 || total
---------------------------+-------+-------++-------
  Melee: War axe           |    13 |     1 ||    14
         Headbutt          |     2 |       ||     2
Ability: Evoke Invisibilit |       |     1 ||     1
 Armour: Scale mail        |     4 |       ||     4
  Dodge: Dodged            |     3 |       ||     3
  Block: Buckler           |     3 |       ||     3
